| TOP OF THE 1ST |
|
Scranton WB RailRiders batting - Pitching for Charlotte Knights : RHP Jake Milligan
|
|
Pitching: RHP Jake Milligan
|
|
|
Batting: RHB Devon Utley
|
0-0: Called Strike 0-1: Foul Ball, location: 2F 0-2: Ball 1-2: Foul Ball, location: 2F 1-2: Ground out 4-3 (Groundball, 4, EV 98.8 MPH)
|
|
Batting: LHB Aaron Joyner
|
0-0: Ball 1-0: Foul Ball, location: 2F 1-1: Foul Ball, location: 2F 1-2: Ball 2-2: Ground out 4-3 (Groundball, 4, EV 103.8 MPH)
|
|
Batting: SHB Mukhtar Wa'il
|
0-0: Foul Ball, location: 2F 0-1: Ball 1-1: Swinging Strike 1-2: Strikes out swinging
|
| Top of the 1st over - 0 runs, 0 hits, 0 errors, 0 left on base; Scranton WB 0 - Charlotte 0 |
| BOTTOM OF THE 1ST |
|
Charlotte Knights batting - Pitching for Scranton WB RailRiders : LHP Omar Quinones
|
|
Pitching: LHP Omar Quinones
|
|
|
Batting: RHB Ron Johansen
|
0-0: Swinging Strike 0-1: Foul Ball, location: 2F 0-2: Foul Ball, location: 2F 0-2: Strikes out swinging
|
|
Batting: RHB Micah Brown
|
0-0: Called Strike 0-1: Ball 1-1: Ball 2-1: Ball 3-1: Foul Ball, location: 2F 3-2: Strikes out swinging
|
|
Batting: RHB Fletcher Easter
|
0-0: Ground out 4-3 (Groundball, 4, EV 103.8 MPH)
|
| Bottom of the 1st over - 0 runs, 0 hits, 0 errors, 0 left on base; Scranton WB 0 - Charlotte 0 |
| TOP OF THE 2ND |
|
Scranton WB RailRiders batting - Pitching for Charlotte Knights : RHP Jake Milligan
|
|
Batting: SHB Ryan Buchbinder
|
0-0: Ground out 4-3 (Groundball, 4, EV 83.1 MPH)
|
|
Batting: LHB Dan Morris
|
0-0: Foul Ball, location: 2F 0-1: Foul Ball, location: 2F 0-2: Ball 1-2: Foul Ball, location: 2F 1-2: Ball 2-2: Ball 3-2: Strikes out swinging
|
|
Batting: RHB Andy Wasierski
|
0-0: Swinging Strike 0-1: Ball 1-1: Foul Ball, location: 2F 1-2: Foul Ball, location: 2F 1-2: Ball 2-2: Strikes out looking
|
| Top of the 2nd over - 0 runs, 0 hits, 0 errors, 0 left on base; Scranton WB 0 - Charlotte 0 |
| BOTTOM OF THE 2ND |
|
Charlotte Knights batting - Pitching for Scranton WB RailRiders : LHP Omar Quinones
|
|
Batting: RHB Vic Lucatero
|
0-0: Called Strike 0-1: Ball 1-1: Swinging Strike 1-2: Ground out 6-3 (Groundball, 6, EV 100.0 MPH)
|
|
Batting: RHB Jeremy Hoffert
|
0-0: Swinging Strike 0-1: Called Strike 0-2: Ground out 2-3 (Groundball, 15S, EV 68.1 MPH)
|
|
Batting: RHB Matt McDevitt
|
0-0: Ground out 1-3 (Groundball, 13, EV 72.5 MPH)
|
| Bottom of the 2nd over - 0 runs, 0 hits, 0 errors, 0 left on base; Scranton WB 0 - Charlotte 0 |
| TOP OF THE 3RD |
|
Scranton WB RailRiders batting - Pitching for Charlotte Knights : RHP Jake Milligan
|
|
Batting: SHB Jose Vargas
|
0-0: Foul Ball, location: 2F 0-1: SINGLE (Line Drive, 34, EV 99.4 MPH)
|
|
Batting: RHB Josh Zoglmann
|
0-0: Foul Ball, location: 2F 0-1: Foul Ball, location: 2F 0-2: Ball 1-2: Ball 2-2: Foul Ball, location: 2F 2-2: Ball 3-2: Strikes out swinging
|
|
Batting: SHB Joe Fure
|
0-0: Fielders Choice at 2nd, 6-4 (Groundball, 6, EV 80.0 MPH)
|
|
Batting: RHB Devon Utley
|
0-0: Called Strike 0-1: DOUBLE (Line Drive, 9LM, EV 113.1 MPH) Joe Fure to third
|
|
Batting: LHB Aaron Joyner
|
0-0: Ball 1-0: Foul Ball, location: 2F 1-1: Foul Ball, location: 2F 1-2: Foul Ball, location: 2F 1-2: Ball 2-2: Strikes out looking
|
| Top of the 3rd over - 0 runs, 2 hits, 0 errors, 2 left on base; Scranton WB 0 - Charlotte 0 |
| BOTTOM OF THE 3RD |
|
Charlotte Knights batting - Pitching for Scranton WB RailRiders : LHP Omar Quinones
|
|
Batting: RHB Kikuo Sato
|
0-0: SINGLE (Line Drive, 9LS, EV 106.9 MPH)
|
|
Batting: SHB Matt Childers
|
0-0: Swinging Strike 0-1: Ball 1-1: Called Strike 1-2: Ball 2-2: Ball 3-2: Strikes out swinging Kikuo Sato steals 2nd base Batter strikes out.
|
|
Batting: RHB Steve Waltenbery
|
0-0: Swinging Strike 0-1: Foul Ball, location: 2F 0-2: Strikes out looking
|
|
Batting: RHB Ron Johansen
|
0-0: Ball 1-0: Foul Ball, location: 2F 1-1: Ball 2-1: Ground out 5-3 (Groundball, 56, EV 88.8 MPH)
|
| Bottom of the 3rd over - 0 runs, 1 hit, 0 errors, 1 left on base; Scranton WB 0 - Charlotte 0 |
| TOP OF THE 4TH |
|
Scranton WB RailRiders batting - Pitching for Charlotte Knights : RHP Jake Milligan
|
|
Batting: SHB Mukhtar Wa'il
|
0-0: TRIPLE (Line Drive, 89XD, EV 105.0 MPH)
|
|
Batting: SHB Ryan Buchbinder
|
0-0: Called Strike 0-1: Ground out 4-3 (Groundball, 4, EV 90.0 MPH)
|
|
Batting: LHB Dan Morris
|
0-0: Ball 1-0: Ball 2-0: Ball 3-0: Base on Balls
|
|
Batting: RHB Andy Wasierski
|
0-0: Called Strike 0-1: Ball 1-1: Ball 2-1: Ball 3-1: Fly out, F7 (Flyball, 7LS, EV 97.5 MPH)
|
|
Batting: SHB Jose Vargas
|
0-0: Ball 1-0: Swinging Strike 1-1: Called Strike 1-2: Ball 2-2: Ball 3-2: Foul Ball, location: 2F 3-2: Strikes out swinging
|
| Top of the 4th over - 0 runs, 1 hit, 0 errors, 2 left on base; Scranton WB 0 - Charlotte 0 |
| BOTTOM OF THE 4TH |
|
Charlotte Knights batting - Pitching for Scranton WB RailRiders : LHP Omar Quinones
|
|
Batting: RHB Micah Brown
|
0-0: Called Strike 0-1: Ball 1-1: Foul Ball, location: 2F 1-2: Strikes out swinging
|
|
Batting: RHB Fletcher Easter
|
0-0: Fly out, F7 (Line Drive, 7S, EV 102.5 MPH)
|
|
Batting: RHB Vic Lucatero
|
0-0: Called Strike 0-1: Swinging Strike 0-2: Ground out 4-3 (Groundball, 4, EV 79.4 MPH)
|
| Bottom of the 4th over - 0 runs, 0 hits, 0 errors, 0 left on base; Scranton WB 0 - Charlotte 0 |
| TOP OF THE 5TH |
|
Scranton WB RailRiders batting - Pitching for Charlotte Knights : RHP Jake Milligan
|
|
Batting: RHB Josh Zoglmann
|
0-0: Foul Ball, location: 2F 0-1: Ball 1-1: Ball 2-1: Called Strike 2-2: Ground out 3-1 (Groundball, 34, EV 98.8 MPH)
|
|
Batting: SHB Joe Fure
|
0-0: Swinging Strike 0-1: Ball 1-1: Swinging Strike 1-2: Foul Ball, location: 2F 1-2: Strikes out swinging
|
|
Batting: RHB Devon Utley
|
0-0: Swinging Strike 0-1: Foul Ball, location: 2F 0-2: Ball 1-2: Strikes out swinging
|
| Top of the 5th over - 0 runs, 0 hits, 0 errors, 0 left on base; Scranton WB 0 - Charlotte 0 |
| BOTTOM OF THE 5TH |
|
Charlotte Knights batting - Pitching for Scranton WB RailRiders : LHP Omar Quinones
|
|
Batting: RHB Jeremy Hoffert
|
0-0: Ground out 5-3 (Groundball, 56, EV 80.6 MPH)
|
|
Batting: RHB Matt McDevitt
|
0-0: Fly out, F8 (Flyball, 8LXD, EV 106.9 MPH)
|
|
Batting: RHB Kikuo Sato
|
0-0: Ball 1-0: Ball 2-0: Swinging Strike 2-1: Foul Ball, location: 2F 2-2: Ball 3-2: Strikes out swinging
|
| Bottom of the 5th over - 0 runs, 0 hits, 0 errors, 0 left on base; Scranton WB 0 - Charlotte 0 |
| TOP OF THE 6TH |
|
Scranton WB RailRiders batting - Pitching for Charlotte Knights : RHP Jake Milligan
|
|
Batting: LHB Aaron Joyner
|
0-0: Ball 1-0: Ball 2-0: Ball 3-0: Base on Balls
|
|
Batting: SHB Mukhtar Wa'il
|
0-0: Ball 1-0: Ball 2-0: Foul Ball, location: 2F 2-1: Called Strike 2-2: Foul Ball, location: 2F 2-2: Foul Ball, location: 2F 2-2: Grounds into double play, U6-3 (Groundball, 4M, EV 90.0 MPH)
|
|
Batting: SHB Ryan Buchbinder
|
0-0: Ball 1-0: Foul Ball, location: 2F 1-1: Ball 2-1: Ball 3-1: Ground out 4-3 (Groundball, 4, EV 93.8 MPH)
|
| Top of the 6th over - 0 runs, 0 hits, 0 errors, 0 left on base; Scranton WB 0 - Charlotte 0 |
| BOTTOM OF THE 6TH |
|
Charlotte Knights batting - Pitching for Scranton WB RailRiders : LHP Omar Quinones
|
|
Batting: SHB Matt Childers
|
0-0: Ball 1-0: Foul Ball, location: 2F 1-1: Ground out 5-3 (Groundball, 56S, EV 83.1 MPH)
|
|
Batting: RHB Steve Waltenbery
|
0-0: Ball 1-0: Ball 2-0: Called Strike 2-1: Ball 3-1: Base on Balls
|
|
Batting: RHB Ron Johansen
|
0-0: Grounds into double play, 6-4-3 (Groundball, 56, EV 90.6 MPH)
|
| Bottom of the 6th over - 0 runs, 0 hits, 0 errors, 0 left on base; Scranton WB 0 - Charlotte 0 |
| TOP OF THE 7TH |
|
Scranton WB RailRiders batting - Pitching for Charlotte Knights : RHP Jake Milligan
|
|
Pitching: LHP Bobby Martin
|
|
|
Batting: LHB Dan Morris
|
0-0: Swinging Strike 0-1: Ball 1-1: Swinging Strike 1-2: Strikes out swinging
|
|
Batting: RHB Andy Wasierski
|
0-0: Ball 1-0: Ball 2-0: Ball 3-0: Called Strike 3-1: Swinging Strike 3-2: Foul Ball, location: 2F 3-2: Base on Balls
|
|
Batting: SHB Jose Vargas
|
0-0: Called Strike 0-1: Called Strike 0-2: Strikes out swinging
|
|
Pitching: RHP Jesus Griego
|
|
|
Pinch Hitting: LHB Paul Diaz
|
0-0: Hit by Pitch Andy Wasierski to second
|
|
Batting: SHB Joe Fure
|
0-0: Swinging Strike 0-1: Ball 1-1: Called Strike 1-2: Ball 2-2: Foul Ball, location: 2F 2-2: SINGLE (Groundball, 34D, EV 102.5 MPH) Andy Wasierski to third Paul Diaz to second Runner from 3rd tries for Home, SAFE, throw by RF to home
|
|
Batting: RHB Devon Utley
|
0-0: Fly out, F7 (Line Drive, 7LS, EV 93.8 MPH)
|
| Top of the 7th over - 1 run, 1 hit, 0 errors, 2 left on base; Scranton WB 1 - Charlotte 0 |
| BOTTOM OF THE 7TH |
|
Charlotte Knights batting - Pitching for Scranton WB RailRiders : LHP Omar Quinones
|
|
Now at 2B: Paul Diaz
|
|
|
Now at SS: Andy Wasierski
|
|
|
Batting: RHB Micah Brown
|
0-0: Foul Ball, location: 2F 0-1: Ground out 5-3 (Groundball, 56, EV 96.9 MPH)
|
|
Batting: RHB Fletcher Easter
|
0-0: Ball 1-0: Foul Ball, location: 2F 1-1: Swinging Strike 1-2: Strikes out looking
|
|
Batting: RHB Vic Lucatero
|
0-0: Called Strike 0-1: Swinging Strike 0-2: Ball 1-2: Foul Ball, location: 2F 1-2: Ball 2-2: Foul Ball, location: 2F 2-2: Ball 3-2: Foul Ball, location: 2F 3-2: Foul Ball, location: 2F 3-2: SOLO HOME RUN (Flyball, 7D, EV 96.9 MPH), Distance : 358 ft
|
|
Batting: RHB Jeremy Hoffert
|
0-0: Ball 1-0: Ball 2-0: Ground out 5-3 (Groundball, 56S, EV 88.1 MPH)
|
| Bottom of the 7th over - 1 run, 1 hit, 0 errors, 0 left on base; Scranton WB 1 - Charlotte 1 |
| TOP OF THE 8TH |
|
Scranton WB RailRiders batting - Pitching for Charlotte Knights : RHP Jesus Griego
|
|
Batting: LHB Aaron Joyner
|
0-0: Ball 1-0: Foul Ball, location: 2F 1-1: SINGLE (Groundball, 56D, EV 94.4 MPH)
|
|
Batting: SHB Mukhtar Wa'il
|
0-0: Called Strike Aaron Joyner is caught stealing 2nd base 2-6 0-1: Ball 1-1: Ball 2-1: Swinging Strike 2-2: Ball 3-2: SINGLE (Groundball, 34D, EV 106.9 MPH)
|
|
Batting: SHB Ryan Buchbinder
|
0-0: Foul Ball, location: 2F 0-1: Ball 1-1: TRIPLE (Flyball, 89XD, EV 104.4 MPH) Mukhtar Wa'il scores
|
|
Batting: LHB Dan Morris
|
0-0: Swinging Strike 0-1: Called Strike 0-2: Ball 1-2: Strikes out looking
|
|
Pitching: RHP Dave McGee
|
|
|
Batting: RHB Andy Wasierski
|
0-0: Swinging Strike 0-1: Ball 1-1: Ball 2-1: Foul Ball, location: 2F 2-2: Ground out 5-3 (Groundball, 56, EV 85.0 MPH)
|
| Top of the 8th over - 1 run, 3 hits, 0 errors, 1 left on base; Scranton WB 2 - Charlotte 1 |
| BOTTOM OF THE 8TH |
|
Charlotte Knights batting - Pitching for Scranton WB RailRiders : LHP Omar Quinones
|
|
Batting: RHB Matt McDevitt
|
0-0: Foul Ball, location: 2F 0-1: Ball 1-1: Ball 2-1: Called Strike 2-2: Fly out, F4 (Popup, 4, EV 73.1 MPH)
|
|
Pitching: RHP Ricky Mercer
|
|
|
Pinch Hitting: LHB Jason Bell
|
0-0: Swinging Strike 0-1: Ball 1-1: Ball 2-1: Fly out, F9 (Line Drive, 9D, EV 91.9 MPH)
|
|
Batting: SHB Matt Childers
|
0-0: Called Strike 0-1: Ball 1-1: Ball 2-1: Foul Ball, location: 2F 2-2: Ball 3-2: Base on Balls
|
|
Batting: RHB Steve Waltenbery
|
0-0: Ball 1-0: Ball 2-0: Ball 3-0: Called Strike 3-1: Fielders Choice at 2nd, 6-4 (Groundball, 56, EV 82.5 MPH)
|
| Bottom of the 8th over - 0 runs, 0 hits, 0 errors, 1 left on base; Scranton WB 2 - Charlotte 1 |
| TOP OF THE 9TH |
|
Scranton WB RailRiders batting - Pitching for Charlotte Knights : RHP Dave McGee
|
|
Now in CF: John Thurman
|
|
|
Batting: SHB Jose Vargas
|
0-0: Ball 1-0: Ball 2-0: Ball 3-0: Base on Balls
|
|
Batting: LHB Paul Diaz
|
0-0: Ball Wild Pitch! Jose Vargas to second 1-0: Intentional Walk
|
|
Batting: SHB Joe Fure
|
0-0: Fly out, F5 (Popup, 5L, EV 59.4 MPH)
|
|
Batting: RHB Devon Utley
|
0-0: Ball 1-0: Fly out, F8 (Flyball, 78M, EV 98.8 MPH)
|
|
Batting: LHB Aaron Joyner
|
0-0: Ball 1-0: Foul Ball, location: 2F 1-1: Ball 2-1: Ball 3-1: Ground out U3 (Groundball, 34, EV 97.5 MPH)
|
| Top of the 9th over - 0 runs, 0 hits, 0 errors, 2 left on base; Scranton WB 2 - Charlotte 1 |
| BOTTOM OF THE 9TH |
|
Charlotte Knights batting - Pitching for Scranton WB RailRiders : RHP Ricky Mercer
|
|
Pitching: RHP Mark Stafford
|
|
|
Now at 1B: Paul Diaz
|
|
|
Now at 2B: Jordan Barragan
|
|
|
Pinch Hitting: LHB Joe Kirkland
|
0-0: Ball 1-0: Foul Ball, location: 2F 1-1: Ball 2-1: Foul Ball, location: 2F 2-2: Strikes out swinging
|
|
Pinch Hitting: LHB Carlos Ramirez
|
0-0: Called Strike 0-1: Ball 1-1: Foul Ball, location: 2F 1-2: Ground out 6-3 (Groundball, 6MS, EV 63.8 MPH)
|
|
Batting: RHB Fletcher Easter
|
0-0: Called Strike 0-1: Foul Ball, location: 2F 0-2: Ball 1-2: Foul Ball, location: 2F 1-2: Foul Ball, location: 2F 1-2: SINGLE (Line Drive, 4D, EV 96.2 MPH)
|
|
Batting: RHB Vic Lucatero
|
0-0: Ball 1-0: Ball 2-0: Ball 3-0: Base on Balls Fletcher Easter to second
|
|
Batting: RHB Jeremy Hoffert
|
0-0: Foul Ball, location: 2F 0-1: Ball 1-1: Fly out, F6 (Popup, 6MD, EV 66.9 MPH)
|
| Bottom of the 9th over - 0 runs, 1 hit, 0 errors, 2 left on base; Scranton WB 2 - Charlotte 1 |
|